 Dungeon Crawl Stone Soup version 0.29-a0-555-g3b24f45cc1 (webtiles) character file.

Game seed: 3282358811954619192

1031 brmiller01 the Grappler (level 8, -2/74 HPs)
             Began as a Troll Berserker on June 7, 2022.
             Was a Priest of Trog.
             Slain by an orc wizard
             ... wielding a +0 dagger
              (4 damage)
             ... on level 6 of the Dungeon.
             The game lasted 00:07:32 (3473 turns).

brmiller01 the Grappler (Troll Berserker)           Turns: 3473, Time: 00:07:32

Health: -2/74      AC:  4    Str: 28    XL:     8   Next: 3%
Magic:  7/7        EV: 10    Int:  3    God:    Trog [***...]
Gold:   297        SH:  0    Dex:  9    Spells: 7/7 levels left

rFire   . . .      SeeInvis .     - Unarmed
rCold   . . .      Faith    .   (no shield)
rNeg    . . .      Spirit   .   a - +0 animal skin
rPois   .          Reflect  .   (helmet restricted)
rElec   .          Harm     .   (no cloak)
rCorr   .          Rampage  .   (gloves unavailable)
Will    .....                   (boots unavailable)
Stlth   +.........              (no amulet)
HPRegen 1.02/turn               (no ring)
MPRegen 0.10/turn               (no ring)

@: mighty, on berserk cooldown, slowed, invisible, very slow
A: large, unfitting armour, claws 3, regeneration 1, shaggy fur 1, tough skin 1
a: Renounce Religion, Berserk, Trog's Hand


You were on level 6 of the Dungeon.
You worshipped Trog.
Trog was most pleased with you.
You visited 1 branch of the dungeon, and saw 6 of its levels.

You collected 297 gold pieces.

Inventory:

Missiles
 b - 149 stones (quivered)
 f - 4 boomerangs of dispersal
 v - 10 poisoned darts
Armour
 a - a +0 animal skin (worn)
Scrolls
 c - 3 scrolls of poison {unknown}
 d - a scroll of enchant weapon {unknown}
 g - 3 scrolls of identify {unknown}
 h - a scroll of fear {unknown}
 l - a scroll of summoning {unknown}
 m - a scroll of immolation {unknown}
 n - a scroll of enchant armour {unknown}
 p - 2 scrolls of teleportation {unknown}
 s - 2 scrolls of amnesia {unknown}
 u - a scroll of blinking {unknown}
Potions
 e - a potion of might
 i - a potion of invisibility
 j - a potion of ambrosia {unknown}
 k - a potion of flight {unknown}
 o - a potion of haste {unknown}
 q - a potion of brilliance {unknown}
 r - 2 potions of mutation {unknown}
 t - a potion of experience {unknown}


   Skills:
 - Level 2.4 Fighting
 - Level 2.4 Dodging
 * Level 9.9 Unarmed Combat


You had 7 spell levels left.
You didn't know any spells.
Your spell library was empty.

Dungeon Overview and Level Annotations

Branches:
Dungeon (6/15)
 Temple: D:4-7

Altars:
Hepliaklqana


Innate Abilities, Weirdness & Mutations

You are too large for most types of armour.
You have claws for hands.
Your natural rate of healing is unusually fast.
You are covered in fur. (AC +1)
You have tough skin. (AC +1)


Message History

Deactivating autopickup; reactivate with Ctrl-A.
You are no longer berserk.
You are exhausted.
You feel yourself slow down.
You miss something. Something hits you but does no damage.
The orc barely misses you.
You closely miss something. Something hits you. The orc closely misses you.
You miss something. Something hits you. The orc hits you with a +0 war axe!
* * * LOW HITPOINT WARNING * * *
You miss something.
You hear some strange, mumbled words.
Something tries to affect you, but you resist.
The orc hits you with a +0 war axe.
* * * LOW HITPOINT WARNING * * *
Something hits you.
* * * LOW HITPOINT WARNING * * *
The orc hits you with a +0 war axe.
* * * LOW HITPOINT WARNING * * *
You closely miss something. The orc hits you with a +0 war axe.
* * * LOW HITPOINT WARNING * * *
Something hits you but does no damage.
It was a potion of might.
You feel very mighty all of a sudden. Something hits you.
* * * LOW HITPOINT WARNING * * *
The orc completely misses you. Something hits you.
* * * LOW HITPOINT WARNING * * *
The orc barely misses you.
You claw something! Your claw misses something.
Something hits you but does no damage. The orc hits you but does no damage.
You barely miss something. Something hits you but does no damage.
The orc barely misses you.
You barely miss the orc. Something hits you.
* * * LOW HITPOINT WARNING * * *
The orc hits you with a +0 war axe.
* * * LOW HITPOINT WARNING * * *
It was a potion of invisibility.
You fade into invisibility!
Something hits you.
You die...

####........ #..#..#....#
............ #..#..#....#
###......... #."#..# ..#
.<#......... #..#..# ..
#.#....###.. #..#..#.#
#.#....# #. #..#....#
#.#.#####....###..#)##.#
..#.....#.......{..)...#
..#.....# ..#.##@o#.......#
..'.....+.................#
..#.....#####.#.#........##
###.....# #..........#.#
#.....# #...###.#....#
#.##### #... ..#...?# #+#
#... .#....# ....


You could see an orc (can't see you).

Vanquished Creatures
  Sigmund (D:6)
  A steam dragon (D:6)
  A water moccasin (D:5)
  A centaur (D:5)
  2 scorpions
  A hound (D:5)
  An orc priest (D:4)
  A jelly (D:6)
  Jessica (D:2)
  5 orc wizards
  An iguana (D:5)
  3 adders
  A river rat (D:4)
  A shadow imp (D:5)
  A white imp (D:5)
  3 worms
  16 orcs
  7 ball pythons
  5 bats
  8 endoplasms
  2 giant cockroaches (D:4)
  7 goblins
  6 hobgoblins
  3 jackals (D:2)
  3 quokkas (D:1)
  4 frilled lizards
  9 kobolds
  11 rats
106 creatures vanquished.

Notes
Turn   | Place    | Note
-------+----------+-------------------------------------------
     0 | D:1      | brmiller01 the Troll Berserker began the quest for the Orb.
     0 | D:1      | Reached XP level 1. HP: 22/22 MP: 0/0
   104 | D:1      | Reached XP level 2. HP: 29/29 MP: 1/1
   415 | D:1      | Reached skill level 4 in Unarmed Combat
   696 | D:2      | Noticed Jessica
   702 | D:2      | Killed Jessica
   703 | D:2      | Reached XP level 3. HP: 36/36 MP: 2/2
   761 | D:2      | Reached ** piety under Trog
   823 | D:2      | Reached XP level 4. HP: 42/44 MP: 3/3
   827 | D:2      | Reached skill level 5 in Unarmed Combat
  1058 | D:2      | Found a faded altar of an unknown god.
  1838 | D:3      | Found a hazy altar of Hepliaklqana.
  1915 | D:4      | Noticed a scorpion
  1927 | D:4      | Killed a scorpion
  1928 | D:4      | Reached skill level 6 in Unarmed Combat
  1928 | D:4      | Reached XP level 5. HP: 44/50 MP: 4/4
  2079 | D:4      | Reached *** piety under Trog
  2401 | D:4      | Found a glowing drain.
  2458 | D:4      | Reached XP level 6. HP: 48/59 MP: 5/5
  2535 | D:4      | Reached skill level 7 in Unarmed Combat
  2706 | D:5      | Entered Level 5 of the Dungeon
  2809 | D:5      | Noticed a water moccasin
  2818 | D:5      | Killed a water moccasin
  2852 | D:5      | Reached skill level 8 in Unarmed Combat
  2852 | D:5      | Reached XP level 7. HP: 43/66 MP: 6/6
  3340 | D:6      | Noticed Sigmund
  3347 | D:6      | Killed Sigmund
  3348 | D:6      | Reached skill level 9 in Unarmed Combat
  3439 | D:6      | Noticed a steam dragon
  3452 | D:6      | Killed a steam dragon
  3453 | D:6      | Reached XP level 8. HP: 45/74 MP: 7/7
  3472 | D:6      | HP: 1/74 [orc/+0 war axe (6)]
  3473 | D:6      | Slain by an orc wizard

Illustrated notes

Levels and vault maps discovered:
D:1:      psy_arrival_basics, layout_basic, hangedman_glass_teeth,
          minmay_misc_feat_diagonals
D:2:      layout_rooms, shapermc_ecumenical_altar_pompeii, uniq_jessica
D:3:      layout_basic, worldfamousw_hep_ancestral_shrine
D:4:      layout_loops_cross, portal_sewer_entry_b
D:5:      layout_rooms, minmay_misc_feat_rugged
D:6:      layout_basic, nicolae_vehumet_radiance, temple_statues, uniq_duvessa,
          uniq_sigmund, uniq_maggie, uniq_blork_the_orc

Skill      XL: |  1  2  3  4  5  6  7 |
---------------+----------------------+-----
Unarmed Combat | 4 6 8 9 |  9.9
Fighting       | |  2.4
Dodging        | |  2.4

Action                   |  1- 3 |  4- 6 |  7- 9 || total
-------------------------+-------+-------+-------++-------
Melee: Unarmed           |    72 |   149 |    48 ||   269
       Punch             |     3 |     3 |     3 ||     9
Throw: Stone             |       |    12 |       ||    12
Invok: Berserk           |       |     1 |     2 ||     3
       Trog's Hand       |       |       |     1 ||     1
  Use: Potion            |       |       |     2 ||     2
 Stab: Sleeping          |     1 |     1 |       ||     2
Armor: Animal skin       |    18 |    55 |    18 ||    91
Dodge: Dodged            |    31 |    49 |    18 ||    98

Table legend: (Time is in decaauts)
 A = Elapsed time spent in this place.
 B = Non-inter-level travel time spent in this place.
 C = Inter-level travel time spent in this place.
 D = Time resting spent in this place.
 E = Time spent auto-exploring this place.
 F = Levels seen in this place.
 G = Mean time per level.
                   A        B        C        D        E       F      G
               +--------+--------+--------+--------+--------+-----+--------+
         Total |   3464 |   3167 |    297 |     68 |   2463 |   6 |  577.3 |
       Dungeon |   3464 |   3167 |    297 |     68 |   2463 |   6 |  577.3 |
               +--------+--------+--------+--------+--------+-----+--------+

Top non-repeatable levels by time:
     D:4: 811 daAuts
     D:3: 699 daAuts
     D:1: 690 daAuts
     D:5: 592 daAuts
     D:2: 486 daAuts
     D:6: 185 daAuts
